 Dungeon Sprint DCSS version 0.31-a0-408-gb642c7f9a3 (webtiles) character file.

Game seed: 10744640321168374189

34 zazu2006 the Charlatan (level 3, 0/29 HPs)
             Began as a Gnoll Wanderer on July 29, 2023.
             Slain by a hound (5 damage)
             ... in the Dungeon (Sprint IX: "|||||||||||||||||||||||||||||").
             The game lasted 00:00:32 (90 turns).

zazu2006 the Charlatan (Gnoll Wanderer)               Turns: 90, Time: 00:00:32

Health: 0/29       AC:  2    Str: 13    XL:     3   Next: 31%
Magic:  7/7        EV: 12    Int: 12    God:
Gold:   0          SH:  0    Dex: 10    Spells: 7/8 levels left

rFire   . . .        a - +0 hand axe
rCold   . . .        (no shield)
rNeg    . . .        d - +0 robe
rPois   .            (no helmet)
rElec   .            (no cloak)
rCorr   .            (no gloves)
SInv    .            (no boots)
Will    .....        (no amulet)
Stlth   ++           (no ring)
HPRegen 0.24/turn    (no ring)
MPRegen 0.10/turn

%: no teleportation
@: on berserk cooldown, slowed, very slow
A: fangs 1, strong nose, distributed training
a: no special abilities


You were in the Dungeon.
You visited 1 branch

Inventory:

Hand Weapons
 a - a +0 hand axe (weapon)
Armour
 d - a +0 robe (worn)
Wands
 b - a wand of polymorph (4)
Scrolls
 j - a scroll of blinking
Potions
 c - a potion of attraction
 e - a potion of curing
 f - a potion of heal wounds
 g - a potion of haste
 h - 2 potions of magic


   Skills:
 + Level 3.2 Fighting
 + Level 2.0 Short Blades
 + Level 2.0 Long Blades
 + Level 5.0 Axes
 + Level 2.0 Maces & Flails
 + Level 2.0 Polearms
 + Level 2.0 Staves
 + Level 2.0 Ranged Weapons
 + Level 2.0 Throwing
 + Level 2.0 Armour
 + Level 2.0 Dodging
 + Level 2.0 Stealth
 + Level 2.0 Shields
 + Level 2.0 Unarmed Combat
 + Level 3.4 Spellcasting
 + Level 1.5 Conjurations
 + Level 1.5 Hexes
 + Level 1.5 Summonings
 + Level 1.5 Necromancy
 + Level 1.5 Translocations
 + Level 1.5 Transmutations
 + Level 5.6 Fire Magic
 + Level 1.5 Ice Magic
 + Level 1.5 Air Magic
 + Level 1.5 Earth Magic
 + Level 1.5 Poison Magic
 + Level 2.2 Invocations
 + Level 6.8 Evocations
 + Level 1.5 Shapeshifting


You had 7 spell levels left.
You knew the following spells:

 Your Spells              Type           Power      Damage    Failure   Level
a - Foxfire               Conj/Fire      40%        2x1d6     5%          1

Your spell library contained the following spells:

 Spells                   Type           Power      Damage    Failure   Level
 Flame Wave               Conj/Fire      10%        2d6       45%         4
 Sticky Flame             Conj/Fire      10%        2d3       45%         4


Dungeon Overview and Level Annotations

Branches:
Dungeon (1/1)

Altars:


Innate Abilities, Weirdness & Mutations

You have very sharp teeth.
Your uncanny sense of smell can sniff out nearby items.
Your experience applies equally to all skills.


Message History

You feel stronger. x2
You barely miss the hound. The hound misses you.
You barely miss the hound. The hound bites you.
You slash the hound!
The hound is severely wounded.
The hound closely misses you.
The gnoll bouda gazes fiercely through you!
You feel your attacks grow feeble.
You barely miss the hound.
The hound is severely wounded.
The hound closely misses you.
You closely miss the hound.
The hound is severely wounded.
The hound bites you.
The quokka twitches its whiskers.
You closely miss the hound. You bite the hound.
The hound is almost dead.
The hound bites you. x2
You barely miss the hound.
The hound is almost dead.
The hound misses you.
You barely miss the hound.
The hound is almost dead.
You are no longer berserk.
You are exhausted.
You feel yourself slow down. The hound barely misses you.
You closely miss the hound.
The hound is almost dead.
The hound bites you but does no damage. The hound barely misses you.
You hit the hound but do no damage.
The hound is almost dead.
Your attacks no longer feel as feeble.
The hound bites you.
* * * LOW HITPOINT WARNING * * *
The hound bites you.
* * * LOW HITPOINT WARNING * * *
You hit the hound but do no damage.
The hound is almost dead.
The hound bites you.
You die...

▓▓▓▓▓▓▓▓▓▓▓▓▓▓▓▓▓▓
▓<...'....@hWrg..+
▓▓▓▓▓▓▓▓▓▓▓▓▓▓▓▓▓▓
∆∆∆∆∆∆∆∆∆


You could see a phantom, a gnoll bouda, a hound and a quokka.

Vanquished Creatures
  A hound (D)
  2 endoplasms (D)
  A giant cockroach (D)
  A hobgoblin (D)
  A bat (D)
6 creatures vanquished.

Notes
Turn   | Place    | Note
-------+----------+-------------------------------------------
     0 | D        | zazu2006 the Gnoll Wanderer began the quest for the Orb.
     0 | D        | zazu2006 set off with the following items: a +0 hand axe, a
                  | wand of polymorph (4), a potion of attraction, a +0 robe, a
                  | potion of curing, a potion of heal wounds, a potion of
                  | haste, 2 potions of magic, a potion of berserk rage, a
                  | scroll of blinking; and the following spell memorised:
                  | Foxfire; and the following spells available to memorise:
                  | Flame Wave, Sticky Flame.
     0 | D        | Reached XP level 1. HP: 17/17 MP: 4/4
    23 | D        | Reached skill level 1 in Invocations
    25 | D        | Reached skill level 1 in Short Blades
    25 | D        | Reached skill level 1 in Long Blades
    25 | D        | Reached skill level 1 in Maces & Flails
    25 | D        | Reached skill level 1 in Polearms
    25 | D        | Reached skill level 1 in Staves
    25 | D        | Reached skill level 1 in Ranged Weapons
    25 | D        | Reached skill level 1 in Throwing
    25 | D        | Reached skill level 1 in Armour
    25 | D        | Reached skill level 1 in Dodging
    25 | D        | Reached skill level 1 in Stealth
    25 | D        | Reached skill level 1 in Shields
    25 | D        | Reached skill level 1 in Unarmed Combat
    73 | D        | Noticed a hound
    73 | D        | Noticed a hound
    73 | D        | Noticed a phantom
    73 | D        | Noticed a gnoll bouda
    79 | D        | Killed a hound
    80 | D        | Reached skill level 5 in Axes
    80 | D        | Reached skill level 1 in Conjurations
    80 | D        | Reached skill level 1 in Hexes
    80 | D        | Reached skill level 1 in Summonings
    80 | D        | Reached skill level 1 in Necromancy
    80 | D        | Reached skill level 1 in Translocations
    80 | D        | Reached skill level 1 in Transmutations
    80 | D        | Reached skill level 1 in Ice Magic
    80 | D        | Reached skill level 1 in Air Magic
    80 | D        | Reached skill level 1 in Earth Magic
    80 | D        | Reached skill level 1 in Poison Magic
    80 | D        | Reached skill level 1 in Shapeshifting
    80 | D        | Reached XP level 2. HP: 22/24 MP: 6/6
    80 | D        | Reached XP level 3. HP: 26/29 MP: 7/7
    90 | D        | Slain by a hound

Illustrated notes

Levels and vault maps discovered:
D:        linesprint [early_d, line_temple, items_1, d_10, items_2, lair_1,
          lair_end, items_3, orc_1, orc_end, items_4, d_15, swamp_1, shoals_1,
          snake_1, spider_1, d_20, vaults_1, items_5, swamp_end, shoals_end,
          snake_end, spider_end, vaults_end, d_27, items_6, zot_1, zot_end,
          crypt_end, forest_end, elf_end, slime_end, tomb_end, abyss_end,
          pan_hell_end]

Skill      XL: |  1 |
---------------+----+-----
Invocations    | 2 |  2.2
Short Blades   | 2 |  2.0
Long Blades    | 2 |  2.0
Maces & Flails | 2 |  2.0
Polearms       | 2 |  2.0
Staves         | 2 |  2.0
Ranged Weapons | 2 |  2.0
Throwing       | 2 |  2.0
Armour         | 2 |  2.0
Dodging        | 2 |  2.0
Stealth        | 2 |  2.0
Shields        | 2 |  2.0
Unarmed Combat | 2 |  2.0
Fighting       | 3 |  3.2
Axes           | 5 |  5.0
Spellcasting   | 3 |  3.4
Conjurations   | 1 |  1.5
Hexes          | 1 |  1.5
Summonings     | 1 |  1.5
Necromancy     | 1 |  1.5
Translocations | 1 |  1.5
Transmutations | 1 |  1.5
Ice Magic      | 1 |  1.5
Air Magic      | 1 |  1.5
Earth Magic    | 1 |  1.5
Poison Magic   | 1 |  1.5
Shapeshifting  | 1 |  1.5
Fire Magic     | |  5.6
Evocations     | |  6.8

Action                     || total
---------------------------++-------
  Melee: Hand axe          ||    35
         Bite              ||     3
   Cast: Foxfire           ||     1
    Use: Potion            ||     1
 Armour: Robe              ||     4
  Dodge: Dodged            ||    16

Table legend: (Time is in decaauts)
 A = Elapsed time spent in this place.
 B = Non-inter-level travel time spent in this place.
 C = Inter-level travel time spent in this place.
 D = Time resting spent in this place.
 E = Time spent auto-exploring this place.
 F = Levels seen in this place.
 G = Mean time per level.
                   A        B        C        D        E       F      G
               +--------+--------+--------+--------+--------+-----+--------+
         Total |     88 |     88 |      0 |     42 |      3 |   1 |   88.0 |
       Dungeon |     88 |     88 |      0 |     42 |      3 |   1 |   88.0 |
               +--------+--------+--------+--------+--------+-----+--------+

Top non-repeatable levels by time:
       D: 88 daAuts
